 Dungeon Crawl Stone Soup version 0.29.1 (webtiles) character file.

Game seed: 7999638815931127332

5898 qw the Cleaver (level 10, -5/65 HPs)
             Began as a Gargoyle Fighter on Sept 13, 2022.
             Was a Follower of Okawaru.
             Killed from afar by Lodul (7 damage)
             ... with a bolt of lightning
             ... on level 10 of the Dungeon.
             The game lasted 00:03:55 (8542 turns).

qw the Cleaver (Gargoyle Fighter)                   Turns: 8542, Time: 00:03:56

Health: -5/65      AC: 21    Str: 23    XL:     10   Next: 82%
Magic:  12/12      EV:  8    Int: 10    God:    Okawaru [*.....]
Gold:   47         SH:  4    Dex:  9    Spells: 9/9 levels left

rFire   + . .      SeeInvis .   Y - +4 war axe (venom)
rCold   . . .      Faith    .   c - +0 buckler
rNeg    + . .      Spirit   .   r - +0 chain mail {rF+}
rPois   inf        Reflect  .   (no helmet)
rElec   +          Harm     .   u - +0 cloak
rCorr   .          Rampage  .   j - +2 pair of gloves
Will    +....                   (no boots)
Stlth   ..........              n - amulet of regeneration
HPRegen 1.00/turn               m - ring of willpower
MPRegen 0.13/turn               (no ring)

@: no status effects
A: sickness immunity, AC +7, negative energy resistance 1, electricity
resistance, torment resistance 1, petrification resistance
a: Renounce Religion, Heroism


You were on level 10 of the Dungeon.
You worshipped Okawaru.
Okawaru was aware of your devotion.
You visited 2 branches of the dungeon, and saw 11 of its levels.

You collected 522 gold pieces.
You spent 475 gold pieces at shops.


Innate Abilities, Weirdness & Mutations

You are immune to sickness and miasma.
Your stone body is resilient. (AC +7)
You are immune to poison.
You resist negative energy. (rN+)
You are resistant to electric shocks. (rElec)
You are resistant to unholy torment.
You are immune to petrification.


   Skills:
 + Level 8.6 Fighting
 - Level 11.0 Axes
 - Level 1.3 Throwing
 - Level 6.0 Armour
 - Level 2.5 Dodging
 - Level 5.2 Shields
 + Level 3.5 Invocations


You had 9 spell levels left.
You didn't know any spells.
Your spell library was empty.

Inventory:

Hand Weapons
 e - a +3 flail
 Y - a +4 war axe of venom (weapon)
Missiles
 l - 3 boomerangs (quivered)
Armour
 c - a +0 buckler (worn)
 j - a +2 pair of gloves (worn)
 r - a +0 chain mail of fire resistance (worn)
 u - a +0 cloak (worn)
Jewellery
 m - a ring of willpower (left hand)
 n - an amulet of regeneration (around neck)
Scrolls
 g - 2 scrolls of blinking
 k - 7 scrolls of identify
 t - 2 scrolls of teleportation
Potions
 a - a potion of lignification
 d - a potion of might
 f - 4 potions of curing
 h - a potion of haste
 i - a potion of attraction
 p - 2 potions of resistance
 q - a potion of cancellation

Dungeon Overview and Level Annotations

Branches:
Dungeon (10/15)            Temple (1/1) D:4
   Lair: D:8-11         Orc: D:9-12

Altars:
Cheibriados
Dithmenos
Elyvilon
Fedhas
Gozag
Hepliaklqana
Kikubaaqudgha
Nemelex Xobeh
Okawaru
Qazlal
Ru
Sif Muna
Trog
Uskayaw
Vehumet
Wu Jian
Xom
Yredelemnul
Zin
The Shining One
Lugonu

Shops:
D:4 =   D:5 *   D:9 ?

Annotations:
D:10 Erolcha, Lodul


Message History

You barely miss the yak. You closely miss the yak. You block the yak's attack.
The yak closely misses you. The yak gores you.
You barely miss the yak.
The yak is almost dead.
You slash the yak! You hit the yak but do no damage.
You kill the yak!
Okawaru accepts your kill.
You slash the yak!
You kill the yak!
Okawaru accepts your kill.
You hit the yak.
The yak looks as sick as possible!
The yak gores you.
Your Invocations skill increases to level 3!
You hit the yak.
You kill the yak!
Okawaru accepts your kill.
You start resting.
You feel like a meek peon again.
Magic restored.
You start resting.
HP restored.
Done exploring.
(D) Dungeon (T) Temple
Where to? (* - list waypoints, Enter - D:10, ? - help)
What level of the Dungeon? (default 1, ? - help)
You climb downwards.
Level annotation: Erolcha, Lodul The ogre hits you with a +0 giant spiked club!
The ogre hits you with a +0 giant club!!
The ogre barely misses you. The ogre hits you with a +0 giant club!
There is a stone staircase leading up here.
8542 ||| STAIRDANCE The ogre hits you with a +0 giant club!
The ogre hits you with a +0 giant spiked club.
The ogre hits you with a +0 giant club! The ogre closely misses you.
Erolcha mumbles some strange words.
Erolcha blinks!
Electricity crackles from Lodul's apparatus.
The bolt of lightning hits you! You resist.
You die...

# .#
#########O#
>.....OO..#..#
.....ZO@O...#
......O.O.###
..........#
....$..O¤...
.............
...............
...............
...............


You could see Lodul, Erolcha, 6 ogres and a goblin zombie.

Vanquished Creatures
  A troll (D:9)
  Prince Ribbit (D:5)
  A slime creature (D:8)
  A vampire (D:7)
  A wyvern (D:9)
  5 yaks (D:9)
  Grum (D:9)
  3 water moccasins
  2 sky beasts
  A black bear (D:7)
  3 orc warriors
  2 ice beasts
  2 ogres
  A centaur (D:8)
  2 wolves (D:9)
  A phantom (D:4)
  3 kobold brigands
  4 bullfrogs
  4 scorpions
  2 necrophages
  11 wights
  4 killer bees (D:8)
  2 howler monkeys
  3 hounds
  6 jellies
  A gnoll bouda (D:8)
  3 orc priests (D:6)
  3 iguanas
  8 orc wizards
  3 gnolls (D:8)
  13 adders
  A shadow imp (D:8)
  A white imp (D:6)
  4 ufetubi
  4 worms
  4 dart slugs
  29 orcs
  8 ball pythons
  30 endoplasms
  2 giant cockroaches
  8 hobgoblins
  6 jackals
  21 kobolds
  8 bats
  5 frilled lizards
  7 goblins
  6 rats
242 creatures vanquished.

Vanquished Creatures (others)
  A kobold (D:9)
  8 fungi
  2 plants (D:1)
11 creatures vanquished.

Grand Total: 253 creatures vanquished

Notes
Turn   | Place    | Note
-------+----------+-------------------------------------------
     0 | D:1      | qw the Gargoyle Fighter began the quest for the Orb.
     0 | D:1      | Reached XP level 1. HP: 14/14 MP: 1/1
     0 | D:1      | 0 ||| qw: Version: 0.1-a-119-g272c26d
     0 | D:1      | 0 ||| qw: Game counter: 11246
     0 | D:1      | 0 ||| qw: Always use a shield: true
     0 | D:1      | 0 ||| qw: God list: Okawaru
     0 | D:1      | 0 ||| qw: Allow faded altars: false
     0 | D:1      | 0 ||| qw: Do Orc after D:15 true
     0 | D:1      | 0 ||| qw: Do second Lair branch before Depths: true
     0 | D:1      | 0 ||| qw: Lair rune preference: random
     0 | D:1      | 0 ||| qw: Plans: Normal, Zot, God:TSO, Crypt, Tomb, Pan,
                  | Slime, Hells, Zig, Abyss, Orb
     0 | D:1      | 0 ||| PLANNING D:1-11
    29 | D:1      | Reached skill level 2 in Axes
   110 | D:1      | 110 ||| Stepping ~*~*~tactically~*~*~ (stealth).
   126 | D:1      | 126 ||| Stepping ~*~*~tactically~*~*~ (stealth).
   129 | D:1      | 129 ||| Stepping ~*~*~tactically~*~*~ (stealth).
   135 | D:1      | Reached XP level 2. HP: 15/19 MP: 2/2
   757 | D:1      | 757 ||| DROPPING +0 club.
   870 | D:1      | Reached skill level 3 in Axes
   905 | D:1      | Found a faded altar of an unknown god.
   909 | D:1      | 909 ||| Stepping ~*~*~tactically~*~*~ (stealth).
   910 | D:1      | 910 ||| Stepping ~*~*~tactically~*~*~ (stealth).
   911 | D:1      | 911 ||| Stepping ~*~*~tactically~*~*~ (stealth).
   920 | D:1      | Reached XP level 3. HP: 20/23 MP: 3/3
  1119 | D:1      | 1119 ||| Stepping ~*~*~tactically~*~*~ (stealth).
  1121 | D:1      | 1121 ||| Stepping ~*~*~tactically~*~*~ (stealth).
  1269 | D:1      | 1269 ||| UPGRADING to +0 chain mail.
  1279 | D:1      | 1279 ||| DROPPING +0 scale mail.
  1361 | D:2      | 1361 ||| Stepping ~*~*~tactically~*~*~ (hiding).
  1549 | D:2      | 1549 ||| Stepping ~*~*~tactically~*~*~ (hiding).
  1551 | D:2      | 1551 ||| Stepping ~*~*~tactically~*~*~ (hiding).
  1661 | D:2      | 1661 ||| Stepping ~*~*~tactically~*~*~ (stealth).
  1670 | D:2      | Reached XP level 4. HP: 23/28 MP: 4/4
  1674 | D:2      | Reached skill level 4 in Axes
  1831 | D:2      | 1831 ||| Stepping ~*~*~tactically~*~*~ (stealth).
  1843 | D:2      | 1843 ||| Stepping ~*~*~tactically~*~*~ (stealth).
  1845 | D:2      | 1845 ||| Stepping ~*~*~tactically~*~*~ (stealth).
  1858 | D:2      | 1858 ||| Stepping ~*~*~tactically~*~*~ (stealth).
  1881 | D:2      | 1881 ||| FLEEEEING.
  1882 | D:2      | 1882 ||| FLEEEEING.
  2002 | D:2      | 2002 ||| FLEEEEING.
  2031 | D:2      | 2031 ||| FLEEEEING.
  2032 | D:2      | 2032 ||| FLEEEEING.
  2033 | D:2      | 2033 ||| FLEEEEING.
  2046 | D:2      | 2046 ||| STAIRDANCE
  2087 | D:1      | 2087 ||| READING 2 scrolls labelled OCLAOJECOR.
  2126 | D:2      | 2126 ||| Stepping ~*~*~tactically~*~*~ (stealth).
  2127 | D:2      | 2127 ||| Stepping ~*~*~tactically~*~*~ (stealth).
  2128 | D:2      | 2128 ||| Stepping ~*~*~tactically~*~*~ (stealth).
  2170 | D:2      | 2170 ||| READING scroll of teleportation.
  2404 | D:2      | Reached XP level 5. HP: 32/32 MP: 5/5
  2672 | D:2      | 2672 ||| READING scroll labelled AGUVAI UXTUIWUP.
  3585 | D:3      | Reached skill level 5 in Axes
  3620 | D:3      | 3620 ||| UPGRADING to +2 pair of gloves.
  3625 | D:3      | 3625 ||| UPGRADING to amulet of regeneration.
  3630 | D:3      | 3630 ||| READING scroll labelled UMMURE NEPAU.
  3631 | D:3      | 3631 ||| READING scroll labelled QISEMY WOYSIDOPN.
  3632 | D:3      | 3632 ||| DRINKING 3 golden potions.
  3654 | D:4      | Noticed a phantom
  3669 | D:4      | Killed a phantom
  3670 | D:4      | Reached XP level 6. HP: 31/39 MP: 6/6
  3787 | D:4      | Found a staircase to the Ecumenical Temple.
  3788 | D:4      | 3788 ||| PLANNING TEMPLE
  3788 | D:4      | 3788 ||| READING scroll labelled BECSI LUNNUNN.
  3789 | D:4      | 3789 ||| READING scroll labelled QIN WYUM VUNGA.
  3791 | D:4      | 3791 ||| FLEEEEING.
  3792 | D:4      | 3792 ||| FLEEEEING.
  3793 | D:4      | 3793 ||| FLEEEEING.
  3794 | D:4      | 3794 ||| FLEEEEING.
  3795 | D:4      | 3795 ||| FLEEEEING.
  3796 | D:4      | 3796 ||| FLEEEEING.
  3797 | D:4      | 3797 ||| FLEEEEING.
  3798 | D:4      | 3798 ||| FLEEEEING.
  3799 | D:4      | 3799 ||| FLEEEEING.
  3800 | D:4      | 3800 ||| FLEEEEING.
  3802 | D:4      | 3802 ||| FLEEEEING.
  3803 | D:4      | 3803 ||| FLEEEEING.
  3804 | D:4      | 3804 ||| FLEEEEING.
  3805 | D:4      | 3805 ||| FLEEEEING.
  3806 | D:4      | 3806 ||| FLEEEEING.
  3807 | D:4      | 3807 ||| FLEEEEING.
  3808 | D:4      | 3808 ||| FLEEEEING.
  3809 | D:4      | 3809 ||| FLEEEEING.
  3810 | D:4      | 3810 ||| FLEEEEING.
  3811 | D:4      | 3811 ||| FLEEEEING.
  3812 | D:4      | 3812 ||| FLEEEEING.
  3813 | D:4      | 3813 ||| FLEEEEING.
  3814 | D:4      | 3814 ||| FLEEEEING.
  3815 | D:4      | 3815 ||| FLEEEEING.
  3816 | D:4      | 3816 ||| FLEEEEING.
  3817 | D:4      | 3817 ||| FLEEEEING.
  3818 | D:4      | 3818 ||| FLEEEEING.
  3819 | D:4      | 3819 ||| FLEEEEING.
  3822 | D:4      | 3822 ||| FLEEEEING.
  3823 | D:4      | 3823 ||| FLEEEEING.
  3824 | D:4      | 3824 ||| STAIRDANCE
  3830 | D:4      | 3830 ||| STAIRDANCE
  3868 | Temple   | Entered the Ecumenical Temple
  3896 | Temple   | 3896 ||| PLANNING D:1-11
  3911 | D:4      | 3911 ||| Stepping randomly (stuck).
  4148 | D:4      | Found a basalt altar of Yredelemnul.
  4158 | D:4      | Found Leox's Jewellery Boutique.
  4174 | D:4      | 4174 ||| SHOPLISTING +6 ring of dexterity (468 gold, have
                  | 206).
  4174 | D:4      | 4174 ||| SHOPLISTING amulet of the Albatross {Reflect rF+
                  | SH+5} (572 gold, have 206).
  4174 | D:4      | 4174 ||| SHOPLISTING ring "Hageur" {Fire *Corrode rElec
                  | SInv Stlth+} (525 gold, have 206).
  4174 | D:4      | 4174 ||| SHOPLISTING ring of willpower (325 gold, have
                  | 206).
  4194 | D:4      | Found an ornate altar of the Wu Jian Council.
  4302 | D:4      | 4302 ||| READING scroll labelled ZAQEPU SUZO.
  4316 | D:5      | Entered Level 5 of the Dungeon
  4335 | D:5      | Found a sacrificial altar of Ru.
  4405 | D:5      | 4405 ||| DROPPING +0 whip.
  4508 | D:5      | Noticed an ice beast
  4519 | D:5      | Killed an ice beast
  4520 | D:5      | Reached skill level 6 in Axes
  4520 | D:5      | Reached XP level 7. HP: 32/44 MP: 7/7
  4535 | D:5      | Noticed Prince Ribbit
  4545 | D:5      | Killed Prince Ribbit
  4547 | D:5      | HP: 10/44 [water moccasin (5)]
  4550 | D:5      | Reached skill level 7 in Axes
  4609 | D:5      | Reached XP level 8. HP: 47/48 MP: 8/8
  4625 | D:5      | 4625 ||| Stepping ~*~*~tactically~*~*~ (hiding).
  4627 | D:5      | 4627 ||| Stepping ~*~*~tactically~*~*~ (hiding).
  4843 | D:5      | Reached skill level 1 in Throwing
  4843 | D:5      | Found Wuehe's Fire Supplies.
  4849 | D:5      | 4849 ||| BUYING +0 chain mail of fire resistance (161
                  | gold).
  4849 | D:5      | Bought a +0 chain mail of fire resistance for 161 gold
                  | pieces
  4849 | D:5      | 4849 ||| SHOPLISTING +1 chain mail of fire resistance (231
                  | gold, have 106).
  4849 | D:5      | 4849 ||| SHOPLISTING ring of protection from fire (350
                  | gold, have 106).
  4968 | D:5      | 4968 ||| Stepping ~*~*~tactically~*~*~ (stealth).
  4969 | D:5      | 4969 ||| Stepping ~*~*~tactically~*~*~ (stealth).
  5055 | D:5      | 5055 ||| UPGRADING to +0 chain mail of fire resistance.
  5065 | D:5      | 5065 ||| DROPPING +0 chain mail.
  5066 | D:5      | 5066 ||| READING scroll labelled DUSKAE OSUWK.
  5067 | D:5      | 5067 ||| READING scroll labelled TESETY LUVAAMM.
  5068 | D:5      | 5068 ||| READING scroll labelled DEPANL SA WIL.
  5069 | D:5      | 5069 ||| DRINKING 2 brown potions.
  5107 | D:5      | 5107 ||| DRINKING 2 cyan potions.
  5173 | D:6      | 5173 ||| Stepping ~*~*~tactically~*~*~ (stealth).
  5174 | D:6      | 5174 ||| Stepping ~*~*~tactically~*~*~ (stealth).
  5187 | D:6      | Reached skill level 8 in Axes
  5222 | D:6      | 5222 ||| Stepping ~*~*~tactically~*~*~ (stealth).
  5231 | D:6      | Reached skill level 6 in Fighting
  5236 | D:6      | 5236 ||| DROPPING +1 mace of draining.
  5323 | D:6      | 5323 ||| Stepping ~*~*~tactically~*~*~ (stealth).
  5341 | D:6      | 5341 ||| Stepping ~*~*~tactically~*~*~ (stealth).
  5343 | D:6      | 5343 ||| Stepping ~*~*~tactically~*~*~ (hiding).
  5344 | D:6      | 5344 ||| Stepping ~*~*~tactically~*~*~ (hiding).
  5351 | D:6      | 5351 ||| Stepping ~*~*~tactically~*~*~ (stealth).
  5359 | D:6      | Reached XP level 9. HP: 42/55 MP: 9/9
  5476 | D:6      | 5476 ||| Stepping ~*~*~tactically~*~*~ (stealth).
  5545 | D:6      | 5545 ||| Stepping ~*~*~tactically~*~*~ (stealth).
  5547 | D:6      | 5547 ||| Stepping ~*~*~tactically~*~*~ (stealth).
  5638 | D:6      | Reached skill level 9 in Axes
  5812 | D:6      | 5812 ||| Stepping ~*~*~tactically~*~*~ (hiding).
  5819 | D:6      | 5819 ||| DRINKING 3 potions of curing.
  5819 | D:6      | 5819 ||| (to cure confusion)
  5976 | D:6      | Found a faded altar of an unknown god.
  5985 | D:6      | Found a faded altar of an unknown god.
  5985 | D:6      | Found a hazy altar of Hepliaklqana.
  6025 | D:6      | 6025 ||| DROPPING amulet of magic regeneration.
  6026 | D:6      | 6026 ||| DROPPING ring of wizardry.
  6027 | D:6      | 6027 ||| READING scroll labelled OVUPSE EROS.
  6039 | D:6      | 6039 ||| READING 2 scrolls of identify.
  6039 | D:6      | 6039 ||| IDENTIFYING red potion
  6040 | D:6      | 6040 ||| DROPPING potion of berserk rage.
  6052 | D:7      | 6052 ||| STAIRDANCE
  6201 | D:7      | 6201 ||| READING scroll of enchant weapon.
  6201 | D:7      | 6201 ||| ENCHANTING +1 war axe of venom.
  6203 | D:7      | 6203 ||| Stepping ~*~*~tactically~*~*~ (stealth).
  6212 | D:7      | 6212 ||| Stepping ~*~*~tactically~*~*~ (stealth).
  6214 | D:7      | 6214 ||| Stepping ~*~*~tactically~*~*~ (stealth).
  6218 | D:7      | 6218 ||| Stepping ~*~*~tactically~*~*~ (stealth).
  6220 | D:7      | 6220 ||| FLEEEEING.
  6221 | D:7      | 6221 ||| FLEEEEING.
  6222 | D:7      | 6222 ||| FLEEEEING.
  6224 | D:7      | 6224 ||| Stepping ~*~*~tactically~*~*~ (stealth).
  6225 | D:7      | 6225 ||| Stepping ~*~*~tactically~*~*~ (stealth).
  6226 | D:7      | 6226 ||| FLEEEEING.
  6227 | D:7      | 6227 ||| FLEEEEING.
  6229 | D:7      | 6229 ||| FLEEEEING.
  6230 | D:7      | 6230 ||| FLEEEEING.
  6231 | D:7      | 6231 ||| FLEEEEING.
  6232 | D:7      | 6232 ||| FLEEEEING.
  6233 | D:7      | 6233 ||| FLEEEEING.
  6234 | D:7      | 6234 ||| FLEEEEING.
  6235 | D:7      | 6235 ||| FLEEEEING.
  6236 | D:7      | 6236 ||| FLEEEEING.
  6237 | D:7      | 6237 ||| FLEEEEING.
  6253 | D:7      | 6253 ||| Stepping ~*~*~tactically~*~*~ (stealth).
  6263 | D:7      | 6263 ||| Stepping ~*~*~tactically~*~*~ (stealth).
  6311 | D:7      | 6311 ||| READING scroll of enchant weapon.
  6311 | D:7      | 6311 ||| ENCHANTING +2 war axe of venom.
  6393 | D:7      | 6393 ||| Stepping ~*~*~tactically~*~*~ (stealth).
  6598 | D:7      | 6598 ||| Stepping ~*~*~tactically~*~*~ (stealth).
  6618 | D:7      | Reached skill level 10 in Axes
  6723 | D:7      | 6723 ||| READING scroll labelled JALEM QOHOUQOE.
  6724 | D:7      | 6724 ||| READING scroll labelled ZIRUVO BAWN.
  6725 | D:7      | 6725 ||| READING 3 scrolls of identify.
  6725 | D:7      | 6725 ||| IDENTIFYING amethyst potion
  6726 | D:7      | 6726 ||| READING 2 scrolls of identify.
  6726 | D:7      | 6726 ||| IDENTIFYING pink potion
  6779 | D:8      | 6779 ||| Stepping ~*~*~tactically~*~*~ (stealth).
  6781 | D:8      | 6781 ||| Stepping ~*~*~tactically~*~*~ (hiding).
  6783 | D:8      | 6783 ||| Stepping ~*~*~tactically~*~*~ (hiding).
  6816 | D:8      | 6816 ||| Stepping ~*~*~tactically~*~*~ (stealth).
  6818 | D:8      | 6818 ||| Stepping ~*~*~tactically~*~*~ (stealth).
  6824 | D:8      | 6824 ||| Stepping ~*~*~tactically~*~*~ (hiding).
  6839 | D:8      | Reached XP level 10. HP: 22/64 MP: 10/10
  6851 | D:8      | HP: 16/64 [frozen (2)]
  6852 | D:8      | 6852 ||| READING 2 scrolls of teleportation.
  6853 | D:8      | 6853 ||| DRINKING 2 potions of heal wounds.
  6860 | D:8      | 6860 ||| Stepping ~*~*~tactically~*~*~ (stealth).
  6897 | D:8      | 6897 ||| FLEEEEING.
  6905 | D:8      | 6905 ||| Stepping ~*~*~tactically~*~*~ (stealth).
  6931 | D:8      | 6931 ||| Stepping ~*~*~tactically~*~*~ (stealth).
  7036 | D:8      | 7036 ||| Stepping ~*~*~tactically~*~*~ (stealth).
  7071 | D:8      | 7071 ||| READING scroll of enchant weapon.
  7071 | D:8      | 7071 ||| ENCHANTING +3 war axe of venom.
  7086 | D:8      | 7086 ||| Stepping ~*~*~tactically~*~*~ (stealth).
  7087 | D:8      | 7087 ||| Stepping ~*~*~tactically~*~*~ (stealth).
  7088 | D:8      | 7088 ||| Stepping ~*~*~tactically~*~*~ (stealth).
  7119 | D:8      | 7119 ||| Stepping ~*~*~tactically~*~*~ (stealth).
  7186 | D:8      | 7186 ||| Stepping ~*~*~tactically~*~*~ (stealth).
  7187 | D:8      | 7187 ||| Stepping ~*~*~tactically~*~*~ (stealth).
  7188 | D:8      | 7188 ||| Stepping ~*~*~tactically~*~*~ (stealth).
  7377 | D:8      | Found a snail-covered altar of Cheibriados.
  7379 | D:8      | Found a white marble altar of Elyvilon.
  7386 | D:8      | Found an iron altar of Okawaru.
  7446 | D:8      | Found a shimmering blue altar of Sif Muna.
  7495 | D:8      | 7495 ||| UPGRADING to +0 cloak.
  7500 | D:8      | 7500 ||| READING scroll labelled YMASKE QOFE.
  7501 | D:8      | 7501 ||| READING 2 scrolls labelled FUUBAM OQOE.
  7502 | D:8      | 7502 ||| READING 3 scrolls of identify.
  7502 | D:8      | 7502 ||| IDENTIFYING orange potion
  7503 | D:8      | 7503 ||| READING 2 scrolls of identify.
  7503 | D:8      | 7503 ||| IDENTIFYING dark potion
  7504 | D:8      | 7504 ||| DROPPING potion of brilliance.
  7505 | D:8      | 7505 ||| DROPPING potion of invisibility.
  7506 | D:8      | 7506 ||| DROPPING scroll of immolation.
  7579 | D:8      | Became a worshipper of Warmaster Okawaru
  7637 | D:9      | Found an ancient bone altar of Kikubaaqudgha.
  7714 | D:9      | 7714 ||| Stepping ~*~*~tactically~*~*~ (stealth).
  7716 | D:9      | Reached skill level 6 in Armour
  7739 | D:9      | Found Plog's Magic Scroll Shoppe.
  7750 | D:9      | 7750 ||| BUYING 2 scrolls of identify (68 gold).
  7750 | D:9      | Bought 2 scrolls of identify for 68 gold pieces
  7750 | D:9      | 7750 ||| BUYING scroll of blinking (127 gold).
  7750 | D:9      | Bought a scroll of blinking for 127 gold pieces
  7750 | D:9      | 7750 ||| BUYING scroll of identify (34 gold).
  7750 | D:9      | Bought a scroll of identify for 34 gold pieces
  7750 | D:9      | 7750 ||| BUYING scroll of identify (34 gold).
  7750 | D:9      | Bought a scroll of identify for 34 gold pieces
  7750 | D:9      | 7750 ||| BUYING scroll of teleportation (51 gold).
  7750 | D:9      | Bought a scroll of teleportation for 51 gold pieces
  7750 | D:9      | 7750 ||| Stepping ~*~*~tactically~*~*~ (hiding).
  7753 | D:9      | 7753 ||| Stepping ~*~*~tactically~*~*~ (hiding).
  7760 | D:9      | HP: 15/64 [orc warrior/+1 long sword of distortion (10)]
  7761 | D:9      | 7761 ||| READING 3 scrolls of teleportation.
  7762 | D:9      | 7762 ||| DRINKING potion of heal wounds.
  7864 | D:9      | 7864 ||| Invisible monster not found???
  7941 | D:9      | Noticed Grum
  7953 | D:9      | Killed Grum
  8008 | D:9      | Found a shadowy altar of Dithmenos.
  8013 | D:9      | 8013 ||| Stepping ~*~*~tactically~*~*~ (hiding).
  8021 | D:9      | 8021 ||| FLEEEEING.
  8022 | D:9      | 8022 ||| FLEEEEING.
  8023 | D:9      | 8023 ||| FLEEEEING.
  8038 | D:9      | Reached * piety under Okawaru
  8158 | D:9      | Found a stormy altar of Qazlal.
  8163 | D:9      | Reached skill level 1 in Invocations
  8202 | D:9      | 8202 ||| Stepping ~*~*~tactically~*~*~ (stealth).
  8232 | D:9      | 8232 ||| Stepping ~*~*~tactically~*~*~ (stealth).
  8234 | D:9      | 8234 ||| INVOKING Heroism.
  8246 | D:9      | Reached skill level 11 in Axes
  8392 | D:9      | Found a sparkling altar of Nemelex Xobeh.
  8421 | D:9      | 8421 ||| DROPPING amulet of faith.
  8432 | D:9      | 8432 ||| UPGRADING to ring of willpower.
  8433 | D:9      | 8433 ||| DRINKING 2 sapphire potions.
  8478 | D:10     | Entered Level 10 of the Dungeon
  8479 | D:10     | 8479 ||| INVOKING Heroism.
  8482 | D:10     | 8482 ||| STAIRDANCE
  8482 | D:10     | Noticed Lodul
  8497 | D:10     | Noticed Erolcha
  8498 | D:10     | 8498 ||| STAIRDANCE
  8500 | D:9      | 8500 ||| INVOKING Heroism.
  8508 | D:9      | Reached skill level 3 in Invocations
  8542 | D:10     | 8542 ||| STAIRDANCE
  8542 | D:10     | HP: 14/65 [ogre/+0 giant club[Lodul] (11)]
  8542 | D:10     | HP: 2/65 [ogre/+0 giant club[Lodul] (9)]
  8542 | D:10     | Killed from afar by Lodul

Levels and vault maps discovered:
D:1:      onia_arrival_handbag, layout_loops_corners,
          shapermc_ecumenical_altar_acropolis, minivault_4
D:2:      minmay_recursive_quarters, layout_basic, serial_glass,
          glass_columns_a, glass_columns_c, glass_columns_b, glass_columns_a,
          st_stairs_11
D:3:      layout_basic, corexii_corridor_pit
D:4:      layout_rooms, yredelemnul_altar_generic,
          pdpol_wu_jian_five_deadly_venoms, minmay_temple_entry_slanted,
          serial_shops, shop, grunt_decor_fettered
D:5:      layout_rooms, nicolae_ru_great_annihilating_truth,
          minmay_misc_feat_five, nicolae_shop_fire_sale
          [nicolae_sub_dead_trees], uniq_prince_ribbit1
D:6:      layout_loops_ring, nicolae_hepliaklqana_ecumenical_no_more,
          kennysheep_potato
D:7:      layout_cave_pools
D:8:      lemuel_slime, layout_rooms, nicolae_sif_muna_little_library,
          minitemple
D:9:      layout_irregular_city, general_overflow_altar, lemuel_doored_altar,
          kennysheep_little_box, mainiacjoe_overflow_six_doors_small,
          serial_shops, shop, uniq_grum
D:10:     layout_long_grid, overflow_temple_1_default, lemuel_crystal_altar,
          zombieorc1_lemuel, serial_shops, nicolae_square_shop, uniq_lodul,
          uniq_erolcha, uniq_urug
Temple:   corrupted_temple

Skill      XL: |  1  2  3  4  5  6  7  8  9 10 |
---------------+-------------------------------+-----
Axes           | 2 3 4 5 6 7 8 10 11 | 11.0
Fighting       | 4 6 7 8 |  8.6
Dodging        | 2 |  2.5
Throwing       | 1 |  1.3
Armour         | 4 5 6 |  6.0
Shields        | 4 5 |  5.2
Invocations    | 3 |  3.5

Action                   |  1- 3 |  4- 6 |  7- 9 | 10-12 || total
-------------------------+-------+-------+-------+-------++-------
Melee: War axe           |   100 |   177 |   270 |   122 ||   669
Throw: Boomerang         |       |    24 |    64 |    53 ||   141
Invok: Heroism           |       |       |       |     3 ||     3
  Use: Scroll            |       |     8 |    11 |     7 ||    26
       Potion            |       |     1 |     3 |     3 ||     7
Armor: Scale mail        |    54 |       |       |       ||    54
       Chain mail        |    17 |   112 |   145 |    68 ||   342
Dodge: Dodged            |    55 |    62 |    87 |    53 ||   257
Block: Buckler           |    38 |    29 |    43 |    24 ||   134

Table legend:
 A = Non-vault XP
 B = Vault XP
 C = Vault XP percentage of total XP
 D = Non-vault monster count
 E = Vault monster count
 F = Vault count percentage of total count
                 A         B        C        D         E       F
            +---------+---------+-------+---------+---------+-------
      Total |    6988 |    1439 |  17.1 |     189 |      53 |  21.9
            +---------+---------+-------+---------+---------+-------
        D:1 |      34 |       6 |  15.0 |      21 |       4 |  16.0
        D:2 |      72 |      70 |  49.3 |      23 |      16 |  41.0
        D:3 |      48 |       0 |   0.0 |      13 |       0 |   0.0
        D:4 |     241 |       0 |   0.0 |       8 |       0 |   0.0
        D:5 |     756 |     309 |  29.0 |      14 |       5 |  26.3
        D:6 |    1442 |      73 |   4.8 |      30 |       2 |   6.2
        D:7 |    1127 |       0 |   0.0 |      27 |       0 |   0.0
        D:8 |    1137 |     445 |  28.1 |      26 |      22 |  45.8
        D:9 |    2131 |     536 |  20.1 |      27 |       4 |  12.9
            +---------+---------+-------+---------+---------+-------
